Map: Abyssal Reef LE

Players

ShoWTimE

  • Race: Protoss Protoss
  • League: Grandmaster
  • Spawn Location: 11:00

IlIlIlIlIlIl - Winner!

  • Race: Terran Terran
  • League: Grandmaster
  • Spawn Location: 5:00

VOD

Have the link to the VOD?

Description

Time

  • Played on: March 23, 2017, 10:34 a.m.
  • Length: 9:11
Show
View Real Time Build Order
Export as new Build Order

ShoWTimE Protoss 

Build Orders: 1 Gate Expand, Oracle Opening, Phoenix Opening 

Get SALT Encoding   

  12  0:01  Probe (Chrono Boost)  
  13  0:11  Probe (Chrono Boost)  
  14  0:17  Pylon  
  14  0:22  Probe (Chrono Boost)  
  16  0:35  Probe (Chrono Boost)  
  16  0:36  Gateway  
  16  0:42  Assimilator  
  16  0:46  Probe (Chrono Boost)  
  17  0:56  Probe (Chrono Boost)  
  18  1:07  Probe (Chrono Boost)  
  19  1:19  Nexus  
  19  1:29  Cybernetics Core  
  19  1:33  Probe (Chrono Boost)  
  19  1:39  Assimilator  
  20  1:43  Probe (Chrono Boost)  
  21  1:48  Pylon  
  22  1:54  Probe (Chrono Boost)  
  22  2:03  Adept  
  22  2:06  Probe (Chrono Boost)  
  25  2:14  Stargate  
  25  2:19  Probe (Chrono Boost)  
  26  2:23  Warp Gate  
  26  2:26  Adept  
  26  2:31  Probe (Chrono Boost)  
  26  2:32  Probe (Chrono Boost)  
  30  2:43  Probe (Chrono Boost)  
  30  2:44  Probe (Chrono Boost)  
  32  2:52  Oracle  
  32  2:54  Probe x2 (Chrono Boost)  
  37  3:05  Probe (Chrono Boost)  
  39  3:06  Probe (Chrono Boost)  
  39  3:15  Probe (Chrono Boost)  
  41  3:20  Probe (Chrono Boost)  
  41  3:24  Nexus  
  41  3:28  Pylon  
  41  3:29  Probe (Chrono Boost)  
  43  3:34  Phoenix, Probe (Chrono Boost)  
  43  3:40  Probe (Chrono Boost)  
  46  3:52  Probe x2 (Chrono Boost)  
  47  3:59  Gateway  
  47  4:01  Gateway  
  47  4:03  Pylon  
  47  4:04  Probe (Chrono Boost)  
  47  4:05  Mothership Core (Chrono Boost)  
  50  4:11  Phoenix  
  50  4:17  Probe (Chrono Boost)  
  53  4:23  Probe (Chrono Boost)  
  54  4:24  Assimilator  
  54  4:27  Assimilator  
  54  4:29  Probe (Chrono Boost)  
  54  4:30  Pylon  
  55  4:34  Probe (Chrono Boost)  
  55  4:35  Phoenix  
  58  4:39  Probe (Chrono Boost)  
  58  4:41  Probe (Chrono Boost)  
  58  4:44  Probe (Chrono Boost)  
  61  4:49  Twilight Council, Probe (Chrono Boost)  
  61  4:50  Forge  
  63  4:53  Probe (Chrono Boost)  
  63  4:54  Pylon  
  63  4:55  Probe (Chrono Boost)  
  63  4:59  Phoenix  
  64  5:00  Probe (Chrono Boost)  
  64  5:05  Probe x2 (Chrono Boost)  
  69  5:08  Protoss Ground Weapons Level 1  
  69  5:10  Probe (Chrono Boost)  
  69  5:12  Resonating Glaives  
  70  5:17  Probe (Chrono Boost)  
  71  5:22  Gateway  
  71  5:26  Gateway  
  71  5:28  Gateway  
  71  5:31  Gateway  
  71  5:35  Gateway  
  71  5:38  Phoenix  
  71  5:39  Probe x2 (Chrono Boost)  
  71  5:40  Probe (Chrono Boost)  
  76  5:47  Adept x2  
  80  5:50  Adept  
  80  5:52  Pylon  
  80  5:57  Pylon  
  83  5:58  Probe (Chrono Boost)  
  83  5:59  Probe (Chrono Boost)  
  83  6:00  Phoenix, Probe (Chrono Boost)  
  87  6:07  Robotics Facility  
  87  6:10  Pylon  
  87  6:14  Adept x2  
  87  6:17  Adept  
  93  6:23  Adept x2  
  97  6:28  Adept  
  97  6:31  Adept  
  99  6:33  Adept  
  99  6:34  Phoenix  
  99  6:35  Adept x2  
  107  6:40  Adept  
  107  6:43  Pylon  
  109  6:49  Adept x2  
  109  6:50  Adept  
  109  6:53  Adept  
  117  6:57  Phoenix  
  112  7:13  Adept  
  108  7:18  Adept  
  102  7:24  Photon Cannon  
  102  7:28  Pylon  
  102  7:30  Pylon  
  102  7:38  Pylon  
  102  7:40  Pylon  
  102  7:42  Pylon  
  100  7:44  Pylon  
  100  7:45  Phoenix  
  100  7:49  Adept x3  
  100  7:50  Probe x2 (Chrono Boost)  
  100  7:51  Adept  
  101  7:55  Adept, Observer  
  101  7:58  Adept x3  
  105  8:13  Adept x3  
  97  8:21  Adept  
  97  8:22  Adept x3  
  97  8:24  Adept, Phoenix  
  93  8:33  Adept x2  
  93  8:34  Adept  
  85  8:45  Adept x4  
  87  8:50  Adept  
  77  8:59  Stalker x2  
  77  9:00  Stalker  
Show
View Real Time Build Order
Export as new Build Order

IlIlIlIlIlIl Terran - Winner!

Build Orders: Reaper Expand, MMM Bio 

Get SALT Encoding   

  12  0:01  SCV  
  13  0:13  SCV  
  14  0:19  Supply Depot  
  14  0:25  SCV  
  15  0:29  Refinery  
  15  0:41  SCV  
  16  0:44  Barracks  
  16  0:53  SCV  
  17  1:05  SCV  
  18  1:17  SCV  
  19  1:32  Reaper, Orbital Command  
  20  1:44  Command Center  
  20  1:54  Factory  
  20  1:58  SCV  
  21  2:05  Refinery  
  21  2:08  Barracks Reactor  
  21  2:10  SCV  
  22  2:16  Supply Depot  
  22  2:22  SCV  
  23  2:37  SCV  
  23  2:40  Starport  
  23  2:42  Widow Mine  
  26  2:45  Marine  
  26  2:46  Marine  
  26  2:50  SCV  
  29  2:56  Orbital Command  
  29  3:02  SCV  
  29  3:04  Marine x2  
  32  3:11  Widow Mine  
  34  3:14  SCV  
  34  3:19  Viking  
  37  3:22  SCV  
  37  3:26  SCV  
  39  3:27  Marine x2  
  39  3:33  Supply Depot  
  41  3:36  SCV  
  41  3:38  SCV  
  41  3:41  Factory Tech Lab  
  43  3:47  Marine x2  
  43  3:48  SCV  
  46  3:50  SCV  
  46  4:00  SCV  
  46  4:01  Engineering Bay  
  46  4:02  SCV  
  48  4:12  SCV  
  48  4:14  SCV  
  48  4:16  Barracks x2  
  48  4:17  Factory Reactor  
  50  4:21  Marine  
  50  4:22  Stimpack  
  51  4:24  SCV  
  51  4:26  SCV, Supply Depot  
  51  4:27  Supply Depot  
  51  4:28  Terran Infantry Weapons Level 1  
  51  4:30  Starport Reactor  
  53  4:36  SCV  
  54  4:45  Supply Depot  
  54  4:47  Marine  
  54  4:48  SCV x2  
  57  4:57  Refinery  
  57  4:59  Supply Depot  
  57  5:00  SCV x2  
  57  5:03  Marine  
  57  5:04  Marine, Factory Reactor  
  57  5:06  Marauder  
  63  5:08  Medivac x2  
  63  5:12  Marine x2  
  69  5:21  Marine x2  
  69  5:23  Supply Depot  
  69  5:27  Marauder  
  73  5:29  Missile Turret  
  73  5:30  Marine x2  
  73  5:31  Missile Turret  
  75  5:38  Medivac x2  
  75  5:39  Marine x2  
  75  5:40  Widow Mine x2  
  85  5:44  SCV  
  85  5:45  SCV  
  85  5:48  Marauder, Supply Depot  
  89  5:50  Marine x2  
  89  5:51  Supply Depot  
  92  5:57  Marine x2  
  93  6:09  Marine, Widow Mine x2  
  93  6:10  Marine, Marauder  
  101  6:13  Supply Depot  
  101  6:16  Marine x2  
  103  6:22  Missile Turret x2  
  103  6:23  Combat Shields  
  103  6:24  Medivac  
  103  6:25  Medivac  
  107  6:28  Supply Depot  
  107  6:31  Marine  
  107  6:32  Marauder  
  110  6:34  Marine x3  
  113  6:44  Missile Turret  
  113  6:49  Marine  
  113  6:52  Marine, Widow Mine x2  
  119  6:54  Marauder  
  119  6:56  Marine x2  
  121  7:05  Missile Turret  
  121  7:07  Marine  
  121  7:10  Marine  
  121  7:12  Liberator x2  
  121  7:14  Marine x2  
  116  7:15  Marauder  
  111  7:24  Marine  
  111  7:28  Marine, Widow Mine x2, Bunker  
  111  7:29  Missile Turret  
  116  7:37  Marine x2  
  116  7:39  Marauder  
  120  7:49  Marine x2  
  117  7:55  Marine, Concussive Shells  
  117  7:57  Marine  
  118  7:58  Command Center  
  118  8:00  Marauder  
  118  8:02  Widow Mine x2  
  124  8:10  Marine  
  124  8:12  Marine  
  122  8:13  Marine  
  122  8:16  Marine  
  116  8:22  Marauder  
  112  8:28  Marine  
  112  8:30  Marine x2  
  112  8:34  Marine  
  107  8:43  Marine  
  107  8:46  Marine  
  107  8:47  SCV x2  
  107  8:48  Marine, Barracks  
  109  8:50  Barracks  
  104  8:59  SCV x2  
Tags
 
Add a new tag
Caveats
  • Supply blocks, unpowered buildings, or Contaminate may cause inaccurate times.
  • Supply counts are checked every 10 seconds.